 Dungeon Crawl Stone Soup version 0.18-a0-1028-g6e46bd4 (webtiles) character file.

8061 Arkorax the Cleaver (level 11, -2/165 HPs)
             Began as a Minotaur Berserker on Jan 9, 2016.
             Was an Elder of Trog.
             Succumbed to Sonja's poison
             ... on level 10 of the Dungeon.
             The game lasted 00:08:19 (7671 turns).

Arkorax the Cleaver (Minotaur Berserker)            Turns: 7671, Time: 00:08:19

Health: -2/165     AC: 12    Str: 30    XL:     11   Next: 5%
Magic:  10/10      EV:  8    Int:  4    God:    Trog [****..]
Gold:   694        SH:  0    Dex: 13    Spells: 0 memorised, 10 levels left

rFire  . . .     SeeInvis .     S - +0 war axe
rCold  + . .     Gourm    .     B - +0 plate armour
rNeg   . . .     Faith    .     (no shield)
rPois  .         Spirit   .     (helmet restricted)
rElec  .         Dismiss  .     n - +0 cloak
rCorr  .         Reflect  .     (no gloves)
SustAt .         Harm     .     (no boots)
MR     ++...                    (no amulet)
Stlth  ..........               G - ring of protection from cold
                                e - +3 ring of strength

@: berserking, lethally poisoned (-2 -> -54), regenerating, very quick, very
resistant to hostile enchantments, extremely unstealthy
A: retaliatory headbutt, horns 2
a: Berserk, Trog's Hand, Brothers in Arms, Burn Spellbooks, Renounce Religion


You were on level 10 of the Dungeon.
You worshipped Trog.
Trog was greatly pleased with you.
You were not hungry.

You visited 1 branch of the dungeon, and saw 10 of its levels.

You collected 694 gold pieces.

Inventory:

Hand Weapons
 a - a +0 hand axe
 l - the +4 quarterstaff of Fate {holy, +Rage rPois Str-4 Stlth+}
   (You found it on level 5 of the Dungeon)

   It has been blessed by the Shining One to cause great damage to the undead
   and demons.
   It affects your strength (-4).
   It protects you from poison.
   It lets you go berserk.
   It makes you more stealthy.
 S - a +0 war axe (weapon)
 X - a +3 scimitar of flaming
Armour
 n - a +0 cloak (worn)
 B - a +0 plate armour (worn)
Jewellery
 e - a +3 ring of strength (left hand)
 g - an uncursed ring of see invisible
 j - an uncursed ring of sustain attributes
 y - an uncursed ring of wizardry
 G - a ring of protection from cold (right hand)
 I - a cursed -2 ring of strength
 J - an uncursed amulet of regeneration {unknown}
 Q - a cursed ring of loudness {unknown}
 V - an uncursed ring of resist corrosion {unknown}
Wands
 w - a wand of fireball (8/15)
 E - a wand of frost (21/48)
 H - a wand of slowing (38/48)
 N - a wand of frost (21/48)
 U - a wand of flame (15/48)
Scrolls
 b - 2 scrolls of fear {unknown}
 h - 3 scrolls of fog {unknown}
 i - 9 scrolls of identify {unknown}
 o - 4 scrolls of remove curse {unknown}
 p - 2 scrolls of enchant armour {unknown}
 t - 4 scrolls of teleportation {unknown}
 u - 3 scrolls of recharging {unknown}
 F - 2 scrolls of blinking {unknown}
 K - 3 scrolls of amnesia {unknown}
 L - 2 scrolls of immolation {unknown}
Potions
 d - 2 potions of haste {unknown}
 k - a potion of lignification {unknown}
 m - 4 potions of agility
 q - a potion of heal wounds {unknown}
 s - 2 potions of magic {unknown}
 v - 2 potions of degeneration {unknown}
 z - a potion of berserk rage {unknown}
 A - 2 potions of cancellation {unknown}
 C - a potion of cure mutation {unknown}
 M - a potion of brilliance {unknown}
 P - a potion of might {unknown}
Books
 R - a book of Transfigurations

   Spells                             Type                      Level
   a - Stoneskin                      Transmutation/Earth          2
   b - Irradiate                      Conjuration/Transmutation    5
   c - Statue Form                    Transmutation/Earth          6
   d - Hydra Form                     Transmutation                6
   e - Dragon Form                    Transmutation                7
   Trog disapproves of the use of such an item.
 T - a book of Frost

   Spells                             Type                      Level
   a - Freeze                         Ice                          1
   b - Throw Frost                    Conjuration/Ice              2
   c - Ozocubu's Armour               Charms/Ice                   3
   d - Throw Icicle                   Conjuration/Ice              4
   e - Summon Ice Beast               Ice/Summoning                4
   f - Condensation Shield            Ice                          4
   Trog disapproves of the use of such an item.
Comestibles
 c - 3 bread rations
 f - 3 meat rations
 r - 22 fruits
 x - 3 beef jerkies
 D - 4 royal jellies
 O - 6 slices of pizza


   Skills:
 + Level 14.2 Fighting
 + Level 14.2 Axes
 - Level 2.4 Armour
 - Level 2.1 Dodging


You had 10 spell levels left.
You didn't know any spells.

Dungeon Overview and Level Annotations

Branches:
Dungeon (10/15)            Temple (0/1) D:6             Orc (0/2) D:9
   Lair: D:8-11

Altars:
Cheibriados
Dithmenos
Fedhas
Kikubaaqudgha
Makhleb
Pakellas
Sif Muna
Trog
Xom
Beogh

Shops:
D:4 %   D:5 :

Annotations:
D:6 exclusion: oklob plant


Innate Abilities, Weirdness & Mutations

You reflexively headbutt those who attack you in melee.
You have a pair of horns on your head.


Message History

* * * LOW HITPOINT WARNING * * *
You feel very sick. Harold hits you with a scimitar.
* * * LOW HITPOINT WARNING * * *
You slash Harold! Your headbutt misses Harold.
Harold is almost dead.
* * * LOW HITPOINT WARNING * * *
You feel very sick.
Unknown command.
You slice Harold!!
You kill Harold!
Trog accepts your kill.
Trog appreciates your killing of a magic user.
Harold looks down at his mortal wounds and cries, "But... this was my last day before retirement..."
You have reached level 11!
* * * LOW HITPOINT WARNING * * *
You feel very sick.
Unknown command.
You barely miss the crimson imp.
You die...

############# ######+
#...........# .......
#...........#####.......
#...........##@5'.......
#...........##(##.......
#...........'..# .......
#...........#### .......
#...........# .5.....
#.......[...# ###'###
#....>......# .#
#########'### # #.#


You could see a crimson imp.

Vanquished Creatures
  Harold (D:10)
  A hydra (D:8)
  Erica (D:10)
  Sonja (D:10)
  A troll (D:9)
  Grinder (D:6)
  2 yaks (D:8)
  A wyvern (D:8)
  A steam dragon (D:7)
  2 hungry ghosts
  Menkaure (D:7)
  4 wargs (D:9)
  A water moccasin (D:7)
  7 orc warriors
  An ice beast (D:7)
  A sky beast (D:8)
  2 eyes of draining (D:4)
  2 centaurs
  2 ogres
  A crocodile (D:9)
  4 big kobolds
  4 giant frogs
  2 scorpions
  6 killer bees (D:8)
  A jelly (D:8)
  A quasit (D:5)
  A centaur zombie (D:7)
  3 crimson imps
  A giant frog zombie (D:5)
  3 centaur skeletons
  3 hounds
  6 orc wizards
  2 giant frog skeletons
  7 orc priests
  An iguana (D:7)
  6 worker ants
  2 sheep (D:8)
  A hound zombie (D:4)
  A hound skeleton (D:5)
  A worker ant zombie (D:8)
  2 gnolls (D:4)
  10 adders
  2 worms
  9 giant geckos
  33 orcs
  4 bats
  6 giant cockroaches
  8 goblins
  6 hobgoblins
  6 jackals
  5 quokkas
  2 ball pythons
  A giant cockroach zombie (D:5)
  7 giant newts
  17 kobolds
  A quokka zombie (D:9)
  2 rats
211 creatures vanquished.

Notes
Turn   | Place    | Note
--------------------------------------------------------------
     0 | D:1      | Arkorax the Minotaur Berserker began the quest for the Orb.
     0 | D:1      | Reached XP level 1. HP: 19/19 MP: 0/0
   231 | D:1      | Reached skill level 4 in Fighting
   254 | D:1      | Reached XP level 2. HP: 25/27 MP: 1/1
   737 | D:2      | Found a shimmering altar of Xom.
   755 | D:2      | Reached XP level 3. HP: 14/34 MP: 2/2
   960 | D:2      | Reached ** piety under Trog
  1008 | D:2      | Reached skill level 5 in Fighting
  1020 | D:2      | Reached XP level 4. HP: 25/42 MP: 3/3
  1502 | D:3      | Reached skill level 5 in Axes
  1504 | D:3      | Found an ancient bone altar of Kikubaaqudgha.
  1504 | D:3      | Found a burning altar of Makhleb.
  1504 | D:3      | Found an oddly glowing altar of Pakellas.
  1580 | D:3      | Reached XP level 5. HP: 49/49 MP: 4/4
  1772 | D:3      | Found a faded altar to an unknown god.
  1990 | D:4      | Reached *** piety under Trog
  2001 | D:4      | Reached skill level 6 in Fighting
  2022 | D:4      | Found Quopov's Food Shop.
  2022 | D:4      | Noticed a hungry ghost
  2035 | D:4      | Killed a hungry ghost
  2035 | D:4      | Reached XP level 6. HP: 58/58 MP: 5/5
  2158 | D:4      | Found a shadowy altar of Dithmenos.
  2195 | D:4      | Found a bloodstained altar of Trog.
  2202 | D:4      | Reached skill level 7 in Fighting
  2207 | D:4      | Reached XP level 7. HP: 66/66 MP: 0/6
  2556 | D:5      | Entered Level 5 of the Dungeon
  2750 | D:5      | Reached skill level 8 in Fighting
  3226 | D:5      | Got an ancient quarterstaff
  3227 | D:5      | Identified the +4 quarterstaff of Fate {holy, +Rage rPois Str-4 Stlth+} (You found it on level 5 of the Dungeon)
  3266 | D:5      | Found Zecea's Book Shoppe.
  3437 | D:6      | Found a staircase to the Ecumenical Temple.
  3584 | D:6      | Noticed Grinder
  3594 | D:6      | Killed Grinder
  3594 | D:6      | Reached skill level 9 in Fighting
  3594 | D:6      | Reached XP level 8. HP: 78/78 MP: 7/7
  3625 | D:6      | Found a blossoming altar of Fedhas.
  3648 | D:6      | Noticed an oklob plant
  4507 | D:7      | Noticed Menkaure
  4515 | D:7      | Killed Menkaure
  4515 | D:7      | Reached skill level 10 in Fighting
  4515 | D:7      | Reached skill level 10 in Axes
  4776 | D:7      | Reached XP level 9. HP: 69/86 MP: 8/8
  5344 | D:8      | Reached skill level 11 in Axes
  5457 | D:8      | Noticed a three-headed hydra
  5466 | D:8      | Killed a ten-headed hydra
  5466 | D:8      | Reached skill level 12 in Fighting
  5644 | D:8      | Reached **** piety under Trog
  5665 | D:8      | Reached XP level 10. HP: 60/99 MP: 9/9
  6805 | D:9      | Reached skill level 13 in Axes
  7044 | D:9      | Found a roughly hewn altar of Beogh.
  7386 | D:9      | Found a deep blue altar of Sif Muna.
  7386 | D:9      | Found a snail-covered altar of Cheibriados.
  7440 | D:9      | Found a staircase to the Orcish Mines.
  7455 | D:9      | Reached ***** piety under Trog
  7576 | D:10     | Entered Level 10 of the Dungeon
  7576 | D:10     | Noticed Sonja
  7604 | D:10     | Noticed Erica
  7623 | D:10     | Killed Erica
  7650 | D:10     | Noticed Harold
  7661 | D:10     | Killed Sonja
  7661 | D:10     | Reached skill level 14 in Fighting
  7669 | D:10     | HP: 4/154 [poisoned by Sonja]
  7670 | D:10     | Killed Harold
  7670 | D:10     | Reached XP level 11. HP: 4/110 MP: 10/10
  7670 | D:10     | HP: 1/165 [poisoned by Sonja]
  7671 | D:10     | Succumbed to Sonja's poison

Vault maps used:
D:1:      lightli_arrival_maybe_door_vault
D:2:      lemuel_statue_altar
D:3:      gammafunk_temple_overflow_forgotten, first_bread, ecumenical_altar_1
D:4:      trog_eyes_of_draining, nicolae_overflow_hidden_temple, serial_shops,
          nicolae_shop_scaring_up_business
D:5:      serial_shops, kennysheep_little_box, hangedman_abyss_or_decor_stagger,
          kennysheep_generic_room_16
D:6:      lemuel_round_altar, minmay_temple_entry_grid, tgw_fedhas, uniq_grinder
D:7:      uniq_menkaure
D:8:      serial_column_ruins, column_ruins_open_tiny, column_ruins_grid_4,
          column_ruins_open_medium, column_ruins_grid_1, hangedman_ranch
D:9:      amethyst_overflow_temple_binary, minmay_orc_entry_guard_dogs,
          minmay_lizard_king
D:10:     lair_0_dummy, okawaru_ov_weapons_minmay, uniq_grum, uniq_harold,
          uniq_psyche, uniq_sonja, uniq_erica

Action                   |  1- 3 |  4- 6 |  7- 9 | 10-12 || total
-------------------------+-------+-------+-------+-------++-------
Melee: Hand axe          |    60 |    85 |   221 |    67 ||   433
       War axe           |       |       |       |   123 ||   123
Invok: Berserk           |     1 |     3 |     8 |     6 ||    18
       Burn Spellbooks   |       |       |     1 |       ||     1
       Trog's Hand       |       |       |     2 |     5 ||     7
       Brothers in Arms  |       |       |       |     1 ||     1
  Use: Potion            |       |       |       |     3 ||     3
  Eat: Chunk             |     1 |     5 |     2 |     4 ||    12
       Meat ration       |       |     1 |     2 |     2 ||     5
       Beef jerky        |       |     1 |       |       ||     1
       Bread ration      |       |       |     2 |       ||     2
